 Dungeon Crawl Stone Soup version 0.24-a0-341-g52ca42d3ec (webtiles) character file.

Game seed: 16566927869651776184

52 MisterFreud the Changer (level 3, 0/23 HPs)
             Began as an Octopode Transmuter on May 20, 2019.
             Succumbed to an adder's poison
             ... on level 2 of the Dungeon.
             The game lasted 00:04:06 (1296 turns).

MisterFreud the Changer (Octopode Transmuter)       Turns: 1296, Time: 00:04:06

Health: 0/23       AC:  1    Str: 11 (14) XL:     3   Next: 85%
Magic:  6/6        EV: 13    Int: 15 (16) God:
Gold:   100        SH:  4    Dex: 11 (12) Spells: 4/7 levels left

rFire    . . .     SeeInvis .     - Unarmed
rCold    . . .     Gourm    .   (no shield)
rNeg     . . .     Faith    .   (helmet restricted)
rPois    .         Spirit   .   (no amulet)
rElec    .         Reflect  .   (no ring)
rCorr    .         Harm     .   (no ring)
MR       .....                  (no ring)
Stlth    ++........             (no ring)
HPRegen  0.07/turn              (no ring)
MPRegen  0.10/turn              (no ring)
                                (no ring)
                                (no ring)

@: mighty, lethally poisoned (0 -> -19)
A: almost no armour, stealthy swim, amphibious, 8 rings, constrict 8, large bone
plates 1, camouflage 1, deterioration 1, gelatinous body 1, MP-powered wands
a: no special abilities


You were on level 2 of the Dungeon.
You were not hungry.

You visited 1 branch of the dungeon, and saw 2 of its levels.

You collected 100 gold pieces.

Inventory:

Missiles
 a - 39 arrows
 b - 4 stones
 h - 40 sling bullets
 m - 4 atropa-tipped darts (quivered)
 p - 27 bolts
Jewellery
 d - an uncursed ring of ice
 r - a cursed ring of attention {unknown}
Scrolls
 n - a scroll of teleportation
 o - a scroll of immolation {unknown}
Potions
 e - a potion of berserk rage
 f - a potion of brilliance
 g - 2 potions of haste
 j - a potion of ambrosia
 q - 2 potions of resistance
Comestibles
 c - a ration
 s - 2 chunks of flesh


   Skills:
 - Level 1.0 Fighting
 - Level 2.0 Dodging
 - Level 3.0 Unarmed Combat
 + Level 2.6 Spellcasting
 * Level 3.5 Transmutations


You had 4 spell levels left.
You knew the following spells:

 Your Spells              Type           Power        Failure   Level  Hunger
a - Beastly Appendage     Tmut           ##....       4%          1    #......
b - Sticks to Snakes      Tmut           ##......     8%          2    ###....

Your spell library contained the following spells:

 Spells                   Type           Power        Failure   Level  Hunger
 Spider Form              Tmut/Pois      #.........   30%         3    ###....
 Ice Form                 Ice/Tmut       #.......     69%         4    #####..
 Blade Hands              Tmut           ##........   80%         5    ######.


Dungeon Overview and Level Annotations

Branches:
Dungeon (2/15)

Altars:


Innate Abilities, Weirdness & Mutations

You cannot wear most types of armour.
You are very stealthy in the water. (Stealth+)
You are amphibious.
You can wear up to eight rings at the same time.
You can use your tentacles to constrict eight enemies at once.
Your skin changes colour to match your surroundings (Stealth+).
Your rubbery body absorbs attacks. (AC +1, EV +1)
You are partially covered in large bone plates. (SH +4)
Your body sometimes deteriorates upon taking damage.
You expend magic power (3 MP) to strengthen your wands.


Message History

The adder is severely wounded.
You constrict the adder.
You feel sick. The adder bites you. x2
You block the adder's attack.
You barely miss the adder.
The adder is almost dead.
You constrict the adder.
* * * LOW HITPOINT WARNING * * *
You feel sick. The adder bites you.
* * * LOW HITPOINT WARNING * * *
Your body deteriorates!
You feel weakened. The adder barely misses you. The adder bites you.
* * * LOW HITPOINT WARNING * * *
Unknown command.
Unknown command.
Okay, then.
You barely miss the adder. Your grab misses the adder.
The adder is severely wounded.
You constrict the adder.
You kill the adder!
You die...

.#.####.#.#....# .
.##..##.#.....###..
....##..........
..............###
..............#
#....##.......#
##..##.#......#
####.#.#.....#
..#.##.@...#
..%.##.#†S.%#
......#.#..##
......##..#
........#.#
..........#
###########


You could see an adder.

Vanquished Creatures
  2 adders (D:2)
  A dart slug (D:1)
  A leopard gecko (D:2)
  A ball python (D:1)
  5 giant cockroaches
  A goblin (D:2)
  5 hobgoblins
  2 kobolds (D:2)
  6 bats
  3 frilled lizards
  4 rats
31 creatures vanquished.

Notes
Turn   | Place    | Note
-------+----------+-------------------------------------------
     0 | D:1      | MisterFreud the Octopode Transmuter began the quest for the
                  | Orb.
     0 | D:1      | Reached XP level 1. HP: 13/13 MP: 3/3
   237 | D:1      | Reached XP level 2. HP: 18/18 MP: 5/5
   592 | D:1      | Learned a level 2 spell: Sticks to Snakes
   711 | D:2      | Reached XP level 3. HP: 3/23 MP: 6/6
  1291 | D:2      | Gained mutation: You expend magic power (3 MP) to
                  | strengthen your wands. [potion of mutation]
  1291 | D:2      | Gained mutation: Your body sometimes deteriorates upon
                  | taking damage. [potion of mutation]
  1291 | D:2      | Gained mutation: You are partially covered in large bone
                  | plates. (SH +4) [potion of mutation]
  1295 | D:2      | HP: 1/23 [adder (1)]
  1296 | D:2      | Succumbed to an adder's poison

Levels and vault maps discovered:
D:1:      lightli_arrival_statue_moat, layout_loops_cross,
          minmay_close_crescents
D:2:      layout_rooms, first_ration, serial_bayou, serial_bayou_lagoon_b,
          serial_bayou_pond_d, serial_bayou_pond_c, serial_bayou_lake_a,
          minmay_misc_feat_secret_circle, minmay_misc_feat_cross

Skill      XL: |  1  2 |
---------------+-------+-----
Transmutations | 3 |  3.5
Fighting       | |  1.0
Dodging        | |  2.0
Unarmed Combat | |  3.0
Spellcasting   | |  2.6

Action                   || total
-------------------------++-------
Melee: Unarmed           ||    98
       Constrict         ||    27
       Tentacles         ||    10
 Cast: Beastly Appendage ||     1
  Use: Scroll            ||     6
       Potion            ||     4
 Stab: Sleeping          ||     5
  Eat: Chunk             ||     1
Armor: Skin              ||     3
Dodge: Dodged            ||    78
Block: Other             ||     1

Table legend:
 A = Non-vault XP
 B = Vault XP
 C = Vault XP percentage of total XP
 D = Non-vault monster count
 E = Vault monster count
 F = Vault count percentage of total count
                 A         B        C        D         E       F
            +---------+---------+-------+---------+---------+-------
      Total |      71 |       4 |   5.3 |      28 |       3 |   9.7
            +---------+---------+-------+---------+---------+-------
        D:1 |      16 |       4 |  20.0 |      10 |       3 |  23.1
        D:2 |      55 |       0 |   0.0 |      18 |       0 |   0.0
            +---------+---------+-------+---------+---------+-------
